 Dungeon Crawl Stone Soup version 0.18.1-48-g4cf74bf (webtiles) character file.

1492 tyranidshit the Skirmisher (level 8, -2/78 HPs)
             Began as a Deep Dwarf Necromancer on July 11, 2016.
             Slain by an ice beast (8 damage)
             ... on level 7 of the Dungeon.
             The game lasted 00:36:12 (5274 turns).

tyranidshit the Skirmisher (Deep Dwarf Necromancer) Turns: 5274, Time: 00:36:13

Health: -2/78      AC:  2    Str: 11    XL:     8   Next: 51%
Magic:  0/15       EV: 12    Int: 19    God:
Gold:   166        SH:  0    Dex: 15    Spells: 2 memorised, 16 levels left

rFire  + . .     SeeInvis .     k - +3 scimitar of Greed {pain, rF+ Dex+2}
rCold  . . .     Gourm    .     a - +0 robe
rNeg   . . .     Faith    .     (no shield)
rPois  .         Spirit   .     (no helmet)
rElec  .         Dismiss  .     (no cloak)
rCorr  .         Reflect  .     (no gloves)
SustAt .         Harm     .     (no boots)
MR     +....                    (no amulet)
Stlth  ++........               (no ring)
                                (no ring)

@: very slightly contaminated, non-regenerating, somewhat resistant to hostile
enchantments, unstealthy
A: damage resistance, recharge devices, sense surroundings 1, slow regeneration
3
a: Device Recharging


You were on level 7 of the Dungeon.
You were not hungry.

You visited 2 branches of the dungeon, and saw 8 of its levels.
You also visited: Sewer.

You collected 373 gold pieces.
You spent 207 gold pieces at shops.

Inventory:

Hand Weapons
 d - a +0 morningstar
 g - a +2 war axe
 k - the +3 scimitar of Greed (weapon) {pain, rF+ Dex+2}
   (You bought it in a shop on level 7 of the Dungeon)

   In the hands of one skilled in necromantic magic, it inflicts extra damage on
   living creatures.
   It affects your dexterity (+2).
   It protects you from fire.
 A - a +0 quarterstaff
 D - a +0 whip of electrocution
 G - a +1 trident of freezing
Armour
 a - a +0 robe (worn)
 C - a +0 ring mail
Jewellery
 w - an uncursed ring of sustain attributes
 x - an uncursed amulet of regeneration
Wands
 c - a wand of heal wounds (1/9)
 m - a wand of slowing (29/48)
 E - a wand of confusion (23/48)
Scrolls
 i - 6 scrolls of teleportation
 r - a scroll of random uselessness
 s - 4 scrolls of remove curse
 v - a scroll of amnesia
 y - 4 scrolls of identify
Potions
 e - 3 potions of agility {unknown}
 f - 3 potions of heal wounds {unknown}
 n - 3 potions of curing
 o - 3 potions of degeneration {unknown}
 u - 5 potions of flight
Books
 b - a book of Necromancy

   Spells                             Type                      Level
   a - Pain                           Necromancy                   1
   b - Animate Skeleton               Necromancy                   1
   c - Vampiric Draining              Necromancy                   3
   d - Regeneration                   Charms/Necromancy            3
   e - Animate Dead                   Necromancy                   4
   f - Control Undead                 Necromancy                   4
 l - a book of Ice

   Spells                             Type                      Level
   a - Ice Form                       Ice/Transmutation            4
   b - Metabolic Englaciation         Hexes/Ice                    5
   c - Ozocubu's Refrigeration        Ice                          6
   d - Bolt of Cold                   Conjuration/Ice              6
   e - Freezing Cloud                 Conjuration/Ice/Air          6
   f - Simulacrum                     Ice/Necromancy               6
Comestibles
 h - 6 fruits
 j - 2 meat rations
 z - 2 bread rations
 B - a royal jelly
 H - 2 beef jerkies


   Skills:
 + Level 6.7 Fighting
 - Level 2.1 Dodging
 - Level 2.4 Stealth
 + Level 6.5 Spellcasting
 - Level 4.3 Necromancy


You had 16 spell levels left.
You knew the following spells:

 Your Spells              Type           Power        Failure   Level  Hunger
a - Pain                  Necr           ###.         1%          1    None
b - Vampiric Draining     Necr           ###.......   6%          3    ##.....


Dungeon Overview and Level Annotations

Branches:
Dungeon (7/15)             Temple (1/1) D:4

Altars:
Ashenzari
Cheibriados
Dithmenos
Elyvilon
Fedhas
Gozag
Kikubaaqudgha
Nemelex Xobeh
Okawaru
Pakellas
Qazlal
Ru
Sif Muna
Trog
Vehumet
Xom
Yredelemnul
The Shining One

Shops:
D:7 (

Annotations:
D:3 tyranidshit's ghost, amateur DDNe


Innate Abilities, Weirdness & Mutations

You are resistant to damage.
You can recharge devices by infusing magical energy.
You passively map a small area around you.
You do not regenerate naturally.


Message History

Casting: Vampiric Draining
Confirm with . or Enter, or press ? or * to list all spells.
Aiming: Vampiric Draining
Press: ? - help, Shift-Dir - straight line, f/p - ice beast
Aim: an ice beast (almost dead)
You miscast Vampiric Draining.
The world around you seems to dim momentarily.
The ice beast hits you.
* * * LOW HITPOINT WARNING * * *
The ice beast freezes you!
* * * LOW HITPOINT WARNING * * *
Casting: Vampiric Draining
Confirm with . or Enter, or press ? or * to list all spells.
Aiming: Pain
Press: ? - help, Shift-Dir - straight line, f/p - ice beast
Aim: an ice beast (almost dead, chance to defeat MR: 81%)
The ice beast convulses in agony!
The ice beast hits you.
* * * LOW HITPOINT WARNING * * *
The ice beast freezes you!
You die...

..#....#..##.#. .# #.# #.#
..#....#..##.#. .# ***,* #.#
..#....#..##.#.##.# * * * #.#
###....#..##.#..#.# * #.#
..'..###.....##.#.###, #.###.##
###..#∩'............#+##
#.......
#..###................##.###.##
#.......##.##................##
##............@................
#.#..........Y.......##.####.#
#.##.####.##...#.#### #* #.#
#.##.# #.##.#.#.# #.# #.##.#
#.##.#.#,.* #.# #.##.#
#.##.#..#.# #.# #.##.#
#.##.##.#.# #.# #.##. .....#
...# #.# #.##.####.##.#*#..# #


You could see an ice beast.

Vanquished Creatures
  A hippogriff (D:7)
  An ice beast (D:6)
  A sky beast (D:5)
  A phantom (D:5)
  An ogre (D:7)
  2 centaurs (D:7)
  A centaur zombie (D:7)
  2 jellies
  A centaur skeleton (D:5)
  3 orc priests
  A giant frog skeleton (D:5)
  3 orc wizards
  8 worker ants
  A siren (Sewer)
  A merfolk avatar (Sewer)
  4 gnolls (D:1)
  3 river rats
  8 adders
  An adder skeleton (D:7)
  3 dart slugs (D:1)
  8 giant geckos
  17 orcs
  3 giant cockroaches
  10 goblins
  6 hobgoblins
  3 jackals (D:7)
  5 kobolds
  2 quokkas (D:2)
  8 ball pythons
  4 bats
  A giant gecko skeleton (D:4)
  11 giant newts
  A quokka skeleton (D:4)
  33 rats
159 creatures vanquished.

Notes
Turn   | Place    | Note
--------------------------------------------------------------
     0 | D:1      | tyranidshit the Deep Dwarf Necromancer began the quest for the Orb.
     0 | D:1      | Reached XP level 1. HP: 15/15 MP: 3/3
   319 | D:1      | Reached XP level 2. HP: 22/24 MP: 0/5
   324 | D:1      | Reached skill level 1 in Fighting
   591 | D:2      | Reached XP level 3. HP: 23/32 MP: 0/6
   600 | D:1      | Learned a level 3 spell: Vampiric Draining
   880 | D:2      | Reached XP level 4. HP: 35/39 MP: 0/8
   899 | D:2      | Found a stormy altar of Qazlal.
  1494 | D:3      | Reached XP level 5. HP: 17/46 MP: 1/10
  1524 | D:3      | Noticed tyranidshit's ghost (amateur DDNe)
  1862 | D:4      | Found a staircase to the Ecumenical Temple.
  1891 | Temple   | Entered the Ecumenical Temple
  2206 | D:4      | Reached XP level 6. HP: 26/56 MP: 0/12
  2490 | D:5      | Entered Level 5 of the Dungeon
  2512 | D:5      | Found a glowing drain.
  2546 | Sewer    | Entered a sewer
  3123 | D:5      | Reached XP level 7. HP: 16/66 MP: 12/14
  3137 | D:5      | Found a white marble altar of Elyvilon.
  3146 | D:5      | Found a shimmering altar of Xom.
  3155 | D:5      | Found a shattered altar of Ashenzari.
  3164 | D:5      | Found an iron altar of Okawaru.
  3430 | D:5      | Reached skill level 5 in Spellcasting
  3584 | D:5      | Reached skill level 5 in Fighting
  3938 | D:6      | Found a snail-covered altar of Cheibriados.
  3938 | D:6      | Found a basalt altar of Yredelemnul.
  4631 | D:7      | Reached XP level 8. HP: 55/76 MP: 15/15
  5054 | D:7      | HP: 3/78 [centaur/shortbow (7)]
  5238 | D:7      | Found Vairug's Antique Weapon Boutique.
  5254 | D:7      | Bought a steaming scimitar for 207 gold pieces
  5254 | D:7      | Identified the +3 scimitar of Greed {pain, rF+ Dex+2} (You bought it in a shop on level 7 of the Dungeon)
  5274 | D:7      | Slain by an ice beast

Skill      XL: |  1  2  3  4  5  6  7  8 |
---------------+-------------------------+-----
Spellcasting   | 2 3 4 5 6 |  6.5
Fighting       | 1 2 3 4 5 6 |  6.7
Dodging        | |  2.1
Stealth        | |  2.4
Necromancy     | |  4.3

Action                   |  1- 3 |  4- 6 |  7- 9 || total
-------------------------+-------+-------+-------++-------
Melee: Club              |    34 |       |       ||    34
       Unarmed           |     2 |       |       ||     2
       Whip              |     8 |       |    12 ||    20
       War axe           |     6 |   228 |    65 ||   299
       Spear             |       |     1 |       ||     1
       Trident           |       |       |     2 ||     2
       Scimitar          |       |       |     3 ||     3
 Cast: Pain              |    46 |    21 |    15 ||    82
       Vampiric Draining |     4 |    44 |    42 ||    90
 Abil: Device Recharging |       |       |     2 ||     2
Evoke: Wand              |     5 |     9 |    12 ||    26
  Use: Potion            |     2 |     2 |     5 ||     9
       Scroll            |     1 |    10 |     2 ||    13
 Stab: Sleeping          |       |     6 |       ||     6
  Eat: Bread ration      |     1 |       |       ||     1
       Pizza             |       |     1 |       ||     1
       Beef jerky        |       |     1 |       ||     1
       Meat ration       |       |     2 |     1 ||     3
Armor: Robe              |    11 |    57 |    27 ||    95
Dodge: Dodged            |    60 |   267 |   115 ||   442
